 Dungeon Crawl Stone Soup version 0.27-a0-1256-gced786f65e (webtiles) character file.

Game seed: 8632532723394305438

525 polve the Skirmisher (level 7, -1/58 HPs)
             Began as a Demonspawn Abyssal Knight on June 10, 2021.
             Was a Priest of Lugonu.
             Killed by divine providence
             ... invoked by an orc priest
              (15 damage)
             ... on level 4 of the Dungeon.
             The game lasted 00:03:28 (4555 turns).

polve the Skirmisher (Demonspawn Abyssal Knight)    Turns: 4555, Time: 00:03:28

Health: -1/58      AC: 19    Str: 14    XL:     7   Next: 2%
Magic:  8/8        EV:  6    Int: 14    God:    Lugonu [***...]
Gold:   152        SH:  4    Dex: 12    Spells: 6/6 levels left

rFire    . . .     SeeInvis .   a - +4 dagger (speed)
rCold    . . .     Faith    .   (no shield)
rNeg     . . .     Spirit   .   o - +0 chain mail
rPois    .         Reflect  .   (no helmet)
rElec    .         Harm     .   (no cloak)
rCorr    .         Rampage  .   (no gloves)
Will     .....                  (no boots)
Stlth    ..........             j - amulet of the acrobat
HPRegen  0.19/turn              (no ring)
MPRegen  0.11/turn              (no ring)

@: sanguine armoured
A: icemail 1, spiny 1, sanguine armour 1, condensation shield
a: Renounce Religion, Depart the Abyss, Bend Space, Banish


You were on level 4 of the Dungeon.
You worshipped Lugonu.
Lugonu was most pleased with you.
You visited 1 branch of the dungeon, and saw 4 of its levels.
You visited the Abyss 1 time.

You collected 152 gold pieces.

Inventory:

Hand Weapons
 a - a +4 dagger of speed (weapon)
Armour
 b - a +0 leather armour
 o - a +0 chain mail (worn)
Jewellery
 j - an amulet of the acrobat (around neck)
Scrolls
 c - 3 scrolls of noise {unknown}
 d - 3 scrolls of identify {unknown}
 g - 2 scrolls of magic mapping {unknown}
 n - 2 scrolls of brand weapon {unknown}
 r - a scroll of teleportation {unknown}
 t - a scroll of fear {unknown}
 v - a scroll of fog {unknown}
Potions
 e - a potion of heal wounds {unknown}
 f - a potion of haste {unknown}
 h - a potion of curing {unknown}
 i - a potion of berserk rage {unknown}
 k - a potion of degeneration {unknown}
 l - a potion of resistance {unknown}
 m - 3 potions of lignification {unknown}
 p - a potion of attraction {unknown}
 q - a potion of mutation {unknown}
 s - a potion of invisibility {unknown}
 u - a potion of brilliance {unknown}


   Skills:
 - Level 6.0 Fighting
 - Level 4.0 Short Blades
 + Level 3.0 Armour
 - Level 2.0 Dodging
 - Level 2.4 Invocations


You had 6 spell levels left.
You didn't know any spells.
Your spell library contained the following spells:

 Spells                   Type           Power      Damage    Failure   Level
 Animate Skeleton         Necr           0%         N/A       100%        1
 Apportation              Tloc           0%         N/A       100%        1
 Beastly Appendage        Tmut           0%         N/A       100%        1
 Corona                   Hex            0%         N/A       100%        1
 Sandblast                Erth           0%         2d4       100%        1
 Summon Small Mammal      Summ           0%         N/A       100%        1
 Passwall                 Tmut/Erth      0%         N/A       100%        2
 Wereblood                Tmut           0%         N/A       100%        2
 Spider Form              Tmut/Pois      0%         N/A       100%        3
 Stone Arrow              Conj/Erth      0%         3d7       100%        3
 Ice Form                 Ice/Tmut       0%         N/A       100%        4
 Petrify                  Tmut/Erth      0%         N/A       100%        4
 Lee's Rapid Deconstruct  Erth           0%         3d5*      100%        5


Dungeon Overview and Level Annotations

Branches:
Dungeon (4/15)
 Temple: D:4-7

Altars:
Nemelex Xobeh


Innate Abilities, Weirdness & Mutations

A meltable icy envelope protects you from harm. (AC +4)
You are partially covered in sharp spines.
When seriously injured, your bleeding wounds create armour. (AC +6)
A meltable shield of frost defends you. (SH +4)


Message History

The orc hits you but does no damage.
The orc priest looks braver for a moment.
You hit the orc priest but do no damage.
A scorpion comes into view.
You hit the orc priest but do no damage.
You block the orc's attack.
The orc priest hits you with a +1 vorpal falchion.
* * * LOW HITPOINT WARNING * * *
You barely miss the orc priest.
A scorpion comes into view.
The orc is struck by your spines. The orc hits you but does no damage.
You hit the orc priest but do no damage.
You block the orc priest's attack.
You hit the orc priest.
The orc priest is moderately wounded.
The orc hits you with a +0 dagger.
* * * LOW HITPOINT WARNING * * *
You hit the orc priest but do no damage.
The orc priest is moderately wounded.
The orc priest hits you but does no damage.
You hit the orc priest.
The orc priest is moderately wounded.
The orc is struck by your spines.
You kill the orc!
Lugonu accepts your kill.
The orc priest is struck by your spines.
The orc priest hits you but does no damage.
You hit the orc priest.
The orc priest is almost dead.
You completely miss the orc priest.
The orc priest is almost dead.
The orc priest hits you but does no damage.
You hit the orc priest but do no damage.
The orc priest is almost dead.
The scorpion barely misses you.
You closely miss the orc priest.
The orc priest is almost dead.
The orc priest invokes the aid of Beogh against you.
Beogh smites you!
You die...

)....###.#..........†..#.........
......#..####.#........##........
######.### #.....8.....#..#...##
## ### ##........#.##...### .#
#...........#.### .##
##........##### ..# #..#...###.#
#.### ##...###...# #...#
#@###...#.. ###.# #o#........
#...# #s).(...... #.###
##.#s...... ..# #..)..8... .##
##.†...... .# #........ .#
##....... .# ..#...#


You could see a scorpion and an orc priest.

Vanquished Creatures
  An ogre (D:3)
  A phantom (D:4)
  A scorpion (D:4)
  A centaur zombie (D:4)
  An orc priest (D:3)
  2 orc wizards (D:3)
  A hound skeleton (D:4)
  6 adders
  A gnoll (D:1)
  2 worms (D:4)
  2 dart slugs
  21 orcs
  4 endoplasms
  8 giant cockroaches
  3 goblins
  7 hobgoblins
  8 kobolds
  3 quokkas
  3 ball pythons
  5 bats (D:1)
  2 frilled lizards
  8 rats
91 creatures vanquished.

Notes
Turn   | Place    | Note
-------+----------+-------------------------------------------
     0 | Abyss:1  | polve the Demonspawn Abyssal Knight began the quest for the
                  | Orb.
     0 | Abyss:1  | Reached XP level 1. HP: 18/18 MP: 2/2
     1 | Abyss:1  | Found a corrupted altar of Lugonu.
   129 | Abyss:1  | Found a corrupted altar of Lugonu.
   129 | Abyss:1  | Found a corrupted altar of Lugonu.
   166 | Abyss:1  | Noticed a thrashing horror
   171 | D:1      | Escaped the Abyss
   434 | D:1      | Reached * piety under Lugonu
   601 | D:1      | Gained mutation: You are partially covered in sharp spines.
                  | [demonic ancestry]
   601 | D:1      | Reached XP level 2. HP: 22/24 MP: 3/3
  1425 | D:1      | Gained mutation: When seriously injured, your bleeding
                  | wounds create armour. (AC +6) [demonic ancestry]
  1425 | D:1      | Reached XP level 3. HP: 29/29 MP: 4/4
  1824 | D:2      | Found a sparkling altar of Nemelex Xobeh.
  2121 | D:2      | Reached XP level 4. HP: 8/35 MP: 5/5
  2606 | D:2      | Reached ** piety under Lugonu
  3239 | D:3      | Reached skill level 4 in Fighting
  3251 | D:3      | Gained mutation: A meltable shield of frost defends you.
                  | (SH +4) [demonic ancestry]
  3251 | D:3      | Reached XP level 5. HP: 25/42 MP: 6/6
  3822 | D:3      | Reached skill level 5 in Fighting
  3917 | D:3      | Noticed an ogre
  3932 | D:3      | Killed an ogre
  3933 | D:3      | Gained mutation: A meltable icy envelope protects you from
                  | harm. (AC +4) [demonic ancestry]
  3933 | D:3      | Reached XP level 6. HP: 26/52 MP: 7/7
  4257 | D:4      | Reached skill level 6 in Fighting
  4257 | D:4      | Reached skill level 1 in Dodging
  4527 | D:4      | Reached XP level 7. HP: 48/58 MP: 8/8
  4541 | D:4      | Reached *** piety under Lugonu
  4555 | D:4      | Killed from afar by an orc priest

Illustrated notes

Levels and vault maps discovered:
D:1:      dpeg_arrival_subterranean_lakeside_camping, layout_loops_ring,
          minmay_misc_feat_iff, minivault_5
D:2:      layout_loops_ring, basic_altar
D:3:      layout_rooms
D:4:      minmay_skewed_foursquare, layout_loops_ring, marbit_many_paths

Skill      XL: |  1  2  3  4  5  6 |
---------------+-------------------+-----
Short Blades   | 2 3 4 |  4.0
Fighting       | 4 5 6 |  6.0
Armour         | 3 |  3.0
Dodging        | 2 |  2.0
Invocations    | |  2.4

Action                   |  1- 3 |  4- 6 |  7- 9 || total
-------------------------+-------+-------+-------++-------
Melee: Short sword       |   102 |    47 |       ||   149
       Dagger            |       |   155 |    27 ||   182
Invok: Depart the Abyss  |     1 |       |       ||     1
Armor: Leather armour    |    39 |       |       ||    39
       Chain mail        |       |    51 |     8 ||    59
Dodge: Dodged            |    65 |    54 |     3 ||   122
Block: Other             |       |    19 |     4 ||    23

Table legend: (Time is in decaauts)
 A = Elapsed time spent in this place.
 B = Non-inter-level travel time spent in this place.
 C = Inter-level travel time spent in this place.
 D = Time resting spent in this place.
 E = Time spent auto-exploring this place.
 F = Levels seen in this place.
 G = Mean time per level.
                   A        B        C        D        E       F      G
               +--------+--------+--------+--------+--------+-----+--------+
         Total |   4464 |   4340 |    124 |      0 |   3759 |   5 |  892.8 |
       Dungeon |   4293 |   4169 |    124 |      0 |   3593 |   4 | 1073.2 |
         Abyss |    171 |    171 |      0 |      0 |    166 |   1 |  171.0 |
               +--------+--------+--------+--------+--------+-----+--------+

Top non-repeatable levels by time:
     D:1: 1763 daAuts
     D:2: 1281 daAuts
     D:3: 879 daAuts
     D:4: 368 daAuts
 Abyss:1: 171 daAuts
